 Dungeon Crawl Stone Soup version 0.27-a0-148-g9515ab555c (webtiles) character file.

Game seed: 10571959342554424784

10 jasper the Stinger (level 2, 0/19 HPs)
             Began as a Demonspawn Venom Mage on Jan 26, 2021.
             Slain by a goblin (1 damage)
             ... on level 1 of the Dungeon.
             The game lasted 00:01:27 (138 turns).

jasper the Stinger (Demonspawn Venom Mage)           Turns: 138, Time: 00:01:28

Health: 0/19       AC:  2    Str:  8    XL:     2   Next: 10%
Magic:  0/5        EV: 12    Int: 16    God:
Gold:   0          SH:  0    Dex: 13    Spells: 4/5 levels left

rFire    . . .     SeeInvis .   (no weapon)
rCold    . . .     Faith    .   (no shield)
rNeg     . . .     Spirit   .   a - +0 robe
rPois    .         Reflect  .   (no helmet)
rElec    .         Harm     .   (no cloak)
rCorr    .         Rampage  .   (no gloves)
Will     .....                  (no boots)
Stlth    ++........             (no amulet)
HPRegen  0.06/turn              (no ring)
MPRegen  0.09/turn              (no ring)

@: no status effects
A: demonic magic 1
a: no special abilities


You were on level 1 of the Dungeon.
You visited 1 branch of the dungeon, and saw 1 of its levels.

Inventory:

Armour
 a - a +0 robe (worn)


   Skills:
 - Level 1.7 Dodging
 - Level 1.7 Stealth
 - Level 2.0 Spellcasting
 - Level 0.8 Transmutations
 + Level 3.6 Poison Magic


You had 4 spell levels left.
You knew the following spells:

 Your Spells              Type           Power        Failure   Level
a - Sting                 Tmut/Pois      32%          9%          1

Your spell library contained the following spells:

 Spells                   Type           Power        Failure   Level
 Poisonous Vapours        Pois/Air       14%          14%         2
 Ignite Poison            Fire/Tmut/Pois 6%           32%         3
 Mephitic Cloud           Conj/Pois/Air  5%           36%         3
 Olgreb's Toxic Radiance  Pois           13%          41%         4


Dungeon Overview and Level Annotations

Branches:
Dungeon (1/15)

Altars:


Innate Abilities, Weirdness & Mutations

Spells you cast may paralyse adjacent enemies.


Message History

You see here a hobgoblin corpse.
You barely miss the goblin. The goblin barely misses you.
The jackal closely misses you.
You hit the goblin.
The goblin is heavily wounded.
The jackal bites you. The goblin closely misses you.
You barely miss the goblin.
The goblin is heavily wounded.
The jackal bites you.
* * * LOW HITPOINT WARNING * * *
The goblin hits you.
* * * LOW HITPOINT WARNING * * *
The jackal bites you.
* * * LOW HITPOINT WARNING * * *
You take 6 damage, and have 1/19 hp.
MASSIVE DAMAGE!!
Unknown command.
You hit the goblin.
The goblin is severely wounded.
The goblin hits you.
You die...

≈.≈.#.. ... ....#. ....
....#.K... ########...#.....
.......#.........
.......#.....h... . <......#..#
... .......#..#♣##♣##♣#..# ♣..
.......#...gglgh@gg.# .♣♣♣♣♣...
>.######..#♣##♣##♣#....#........#
..# #....##### ### ........
#.######g..##.# ...g...#
..##.....g###.# (.....#
#.##......###.#############......
..#........†..†..†..............#
#.#.......####.###..#...........#
..#..........†........######....#


You could see a jackal, 3 hobgoblins, 2 goblins and a frilled lizard.

Vanquished Creatures
  2 hobgoblins (D:1)
  4 jackals (D:1)
  A kobold (D:1)
  A rat (D:1)
8 creatures vanquished.

Notes
Turn   | Place    | Note
-------+----------+-------------------------------------------
     0 | D:1      | jasper the Demonspawn Venom Mage began the quest for the
                  | Orb.
     0 | D:1      | Reached XP level 1. HP: 13/13 MP: 3/3
   133 | D:1      | Gained mutation: Spells you cast may paralyse adjacent
                  | enemies. [demonic ancestry]
   133 | D:1      | Reached XP level 2. HP: 7/19 MP: 0/5
   138 | D:1      | Slain by a goblin

Illustrated notes

Levels and vault maps discovered:
D:1:      lemuel_arrival_hallway, layout_rooms, minmay_misc_feat_pillars,
          serial_park_tiny_pond, amcnicky_mini_corridor_feature,
          chequers_serial_rivers_micro_c, nrook_campfire, minmay_distorted

Action                   || total
-------------------------++-------
Melee: Unarmed           ||    15
 Cast: Sting             ||     8
Armor: Robe              ||     8
Dodge: Dodged            ||    37

Table legend: (Time is in decaauts)
 A = Elapsed time spent in this place.
 B = Non-inter-level travel time spent in this place.
 C = Inter-level travel time spent in this place.
 D = Time resting spent in this place.
 E = Time spent auto-exploring this place.
 F = Levels seen in this place.
 G = Mean time per level.
                   A        B        C        D        E       F      G
               +--------+--------+--------+--------+--------+-----+--------+
         Total |    138 |    138 |      0 |      0 |     45 |   1 |  138.0 |
       Dungeon |    138 |    138 |      0 |      0 |     45 |   1 |  138.0 |
               +--------+--------+--------+--------+--------+-----+--------+

Top non-repeatable levels by time:
     D:1: 138 daAuts
